 Dungeon Crawl Stone Soup version 0.16.0-12-g7215832 (webtiles) character file.

180 Zapata the Cudgeler (level 5, -5/48 HPs)
             Began as a Kobold Berserker on Mar 18, 2015.
             Was a Priest of Trog.
             Slain by a slave (8 damage)
             ... led by Pikel
             ... on level 3 of the Dungeon.
             The game lasted 00:04:15 (2713 turns).

Zapata the Cudgeler (Kobold Berserker)              Turns: 2713, Time: 00:04:15

Health: -5/48      AC:  3    Str: 21    XL:     5   Next: 91%
Magic:  5/5        EV: 15    Int:  5    God:    Trog [***...]
Gold:   85         SH:  0    Dex: 16    Spells: 0 memorised, 4 levels left

rFire  . . .     SeeInvis .     a - +0 mace
rCold  . . .     Clarity  .     b - +0 animal skin
rNeg   . . .     SustAb   .     (no shield)
rPois  .         Gourm    .     i - +0 helmet
rElec  .         Spirit   .     (no cloak)
rCorr  .         Warding  .     (no gloves)
rMut   .         Stasis   .     (no boots)
MR     .....                    h - amulet of regeneration
Stlth  ..........               (no ring)
                                (no ring)

@: berserking (expiring), very quick, not resistant to hostile enchantments,
extremely unstealthy
A: carnivore 3
a: Burn Spellbooks, Berserk, Trog's Hand, Renounce Religion


You were on level 3 of the Dungeon.
You worshipped Trog.
Trog was most pleased with you.
You were full.

You visited 1 branch of the dungeon, and saw 4 of its levels.

You collected 85 gold pieces.

Inventory:

Hand weapons
 a - a +0 mace (weapon)
Missiles
 d - 98 stones (quivered)
 n - 30 bolts
Armour
 b - a +0 animal skin (worn)
 i - a +0 helmet (worn)
Jewellery
 h - an amulet of regeneration (around neck)
Magical devices
 q - a wand of flame (27)
 t - a wand of flame (20)
Scrolls
 e - a scroll of noise {unknown}
 f - 2 scrolls of remove curse {unknown}
 o - 2 scrolls of enchant weapon {unknown}
 p - a scroll of teleportation {unknown}
 v - a scroll of blinking {unknown}
Potions
 g - a potion of magic {unknown}
 j - a potion of poison {unknown}
 k - a potion of heal wounds {unknown}
 l - a potion of invisibility {unknown}
 m - a potion of restore abilities {unknown}
 r - a potion of brilliance {unknown}
 s - a potion of degeneration {unknown}
 u - a potion of agility {unknown}
Books
 w - a book of Air

   Spells                             Type                      Level
   a - Shock                          Conjuration/Air              1
   b - Swiftness                      Charms/Air                   2
   c - Repel Missiles                 Charms/Air                   2
   d - Flight                         Charms/Air                   3
   e - Static Discharge               Conjuration/Air              3
   f - Lightning Bolt                 Conjuration/Air              5
   Trog disapproves of the use of such an item.
Comestibles
 c - 2 meat rations


   Skills:
 - Level 3.2 Fighting
 + Level 6.1 Maces & Flails
 - Level 1.5 Armour
 - Level 2.4 Dodging


You had 4 spell levels left.
You didn't know any spells.

Dungeon Overview and Level Annotations

Branches:
Dungeon (4/15)
 Temple: D:4-7

Altars:
Kikubaaqudgha
Nemelex Xobeh

Annotations:
D:4 Pikel, Sigmund


Innate Abilities, Weirdness & Mutations

You are small and have problems with some larger weapons.
You are carnivorous and can eat meat at any time.


Message History

That felt strangely unrewarding.
The slave completely misses you. The slave misses you.
You hit the slave but do no damage. The slave hits you but does no damage.
You miss the slave. The slave closely misses you.
You thump the slave!!
The slave is severely wounded.
The slave hits you!
* * * LOW HITPOINT WARNING * * *
The slave barely misses you.
Huge Dmg: -16%(-8hp) hp: 5%(2hp)
You barely miss the slave.
The slave is severely wounded.
The slave barely misses you. The slave misses you.
You barely miss the slave.
The slave is severely wounded.
The slave closely misses you.
You sock the slave!!
You kill the slave!
That felt strangely unrewarding.
The slave hits you!
You die...

#.# #.# #.# #.# # #.#
#.# #.# ##.##
#.###.###.# ###...##
#.........# #......#
#####.###############
#)#####8###8# ######
#..##8...8...8##.....
##.##[........##.####
#.#@[........_#.#
####p........####
###8...8...8######
###8###8## #...# ## #
######.# #..# #.#
######..###.##
#.......#.....
#.###...#.#.##


You could see a slave.

Vanquished Creatures
  3 slaves (D:3)
  An orc wizard (D:3)
  Terence (D:2)
  A gnoll (D:1)
  5 adders
  A giant mite (D:1)
  2 worms
  2 oozes
  4 orcs (D:3)
  4 giant cockroaches (D:2)
  8 hobgoblins
  2 jackals (D:3)
  5 bats
  5 giant newts
  9 goblins
  8 kobolds
  11 rats
72 creatures vanquished.

Notes
Turn   | Place    | Note
--------------------------------------------------------------
     0 | D:1      | Zapata, the Kobold Berserker, began the quest for the Orb.
     0 | D:1      | Reached XP level 1. HP: 14/14 MP: 1/1
   127 | D:1      | Reached XP level 2. HP: 14/19 MP: 2/2
   349 | D:1      | Reached skill level 4 in Maces & Flails
   349 | D:1      | Reached XP level 3. HP: 23/23 MP: 3/3
   755 | D:2      | Reached XP level 4. HP: 28/28 MP: 4/4
   768 | D:2      | Noticed Terence
   780 | D:2      | Killed Terence
   901 | D:2      | Reached skill level 5 in Maces & Flails
   932 | D:2      | Acquired Trog's second power
  1349 | D:2      | Reached XP level 5. HP: 32/32 MP: 5/5
  1410 | D:3      | Found a sparkling altar of Nemelex Xobeh.
  1988 | D:3      | Found an ancient bone altar of Kikubaaqudgha.
  2321 | D:3      | Reached skill level 6 in Maces & Flails
  2686 | D:4      | Noticed a slave
  2687 | D:4      | Noticed a slave
  2688 | D:4      | Noticed a slave
  2689 | D:4      | Noticed a slave
  2690 | D:4      | Noticed Sigmund
  2700 | D:4      | Noticed Pikel
  2705 | D:3      | Killed a slave
  2707 | D:3      | Killed a slave
  2710 | D:3      | HP: 2/48 [slave[Pikel] (9)]
  2713 | D:3      | Killed a slave
  2713 | D:3      | Slain by a slave

Action                   |  1- 3 |  4- 6 || total
-------------------------+-------+-------++-------
Melee: Mace              |    62 |   116 ||   178
Invok: Berserk           |     2 |     4 ||     6
  Eat: Chunk             |     2 |    14 ||    16
